[Event "XVII Orsha-2019 Open"]
[Site "Orsha"]
[Date "2019.01.20"]
[Round "4.40"]
[White "Masterova, Daria"]
[Black "Borodulin, Pavel"]
[Result "1-0"]
[ECO "B72"]
[WhiteElo "1500"]
[BlackElo "1481"]
[PlyCount "87"]
[EventDate "2019.01.18"]
[EventType "swiss"]
[EventCountry "BLR"]
[TimeControl "5400+30"]

1. e4 c5 2. Nf3 d6 3. Nc3 Nc6 4. Bc4 Nf6 5. d4 cxd4 6. Nxd4 g6 7. Be3 Bg7 8. O-O O-O 9. Qd2 Nxe4 10. Bxf7+ Rxf7 11. Nxe4 Qb6 12. Nb3 Qb4 13. Ng5 Rf8 14. Qd5+ e6 15. Qd3 Bxb2 16. Rad1 Be5 17. Bd4 Bxd4 18. Nxd4 Nxd4 19. Qxd4 Qxd4 20. Rxd4 h6 21. Nf3 d5 22. Re1 Bd7 23. c4 Rf5 24. Ne5 Bc6 25. Nxc6 bxc6 26. Rxe6 Raf8 27. f3 Kf7 28. Rxc6 dxc4 29. Rdxc4 Ra5 30. Rf4+ Kg7 31. Rxf8 Kxf8 32. Rxg6 h5 33. Kf2 Rxa2+ 34. Kg3 Kf7 35. Rg5 a5 36. Rxh5 a4 37. Ra5 a3 38. h4 Ra1 39. Kf4 a2 40. g3 Kf6 41. h5 Kg7 42. g4 Kh6 43. Ra6+ Kg7 44. Kg5 1-0

[Event "XVII Orsha-2019 Open"]
[Site "Orsha"]
[Date "2019.01.20"]
[Round "5"]
[White "Lazavik, Denis"]
[Black "Papunidi, Matvey"]
[Result "1/2-1/2"]
[ECO "E11"]
[WhiteElo "2296"]
[BlackElo "2113"]
[Annotator "ChessBase"]
[PlyCount "38"]
[EventDate "2019.01.18"]
[EventType "swiss"]
[EventCountry "BLR"]
[SourceTitle "playchess.com"]
[Source "ChessBase"]
[SourceQuality "1"]
[TimeControl "5400+30"]

1. d4 Nf6 2. c4 e6 3. Nf3 Bb4+ 4. Bd2 c5 5. Bxb4 cxb4 6. g3 O-O 7. Bg2 d6 8. O-O Nc6 9. Qd3 e5 10. Nbd2 Qe7 11. d5 Nb8 12. e4 Na6 13. a3 Nd7 14. Nb3 b6 15. Qd2 Ndc5 16. Nxc5 bxc5 17. Ne1 Rb8 18. Nc2 bxa3 19. bxa3 Qc7 1/2-1/2

[Event "XVII Orsha-2019 Open"]
[Site "Orsha"]
[Date "2019.01.20"]
[Round "5"]
[White "Siniauski, Artsiom"]
[Black "Mihajlovskij, Sergei"]
[Result "1-0"]
[ECO "C15"]
[WhiteElo "2182"]
[BlackElo "2406"]
[Annotator "ChessBase"]
[PlyCount "79"]
[EventDate "2019.01.18"]
[EventType "swiss"]
[EventCountry "BLR"]
[SourceTitle "playchess.com"]
[Source "ChessBase"]
[SourceQuality "1"]
[TimeControl "5400+30"]

1. e4 e6 2. d4 d5 3. Nc3 Bb4 4. exd5 exd5 5. Bd3 Ne7 6. Nge2 Bf5 7. Bf4 O-O 8. O-O c6 9. Ng3 Bg6 10. Nce2 Re8 11. c3 Ba5 12. h4 Nd7 13. h5 Bxd3 14. Qxd3 Nf8 15. h6 g6 16. Qf3 Nc8 17. Rae1 Nd6 18. Nc1 Ne6 19. Be5 f5 20. Bxd6 Qxd6 21. Re5 Ng5 22. Qe3 Rxe5 23. dxe5 Qe7 24. Nb3 Bb6 25. Nd4 Ne6 26. Qd2 Bxd4 27. cxd4 f4 28. Ne2 f3 29. gxf3 Rf8 30. Kg2 Rf5 31. Rh1 Qf7 32. Qe3 Rg5+ 33. Ng3 Qf5 34. Rh4 Qc2 35. Rf4 Rf5 36. Nxf5 gxf5 37. Rh4 Kf7 38. Qa3 Qc1 39. Qe3 Qxb2 40. Qd3 1-0

[Event "XVII Orsha-2019 Open"]
[Site "Orsha"]
[Date "2019.01.20"]
[Round "5"]
[White "Silich, Yahor"]
[Black "Aliakbarov, Anar"]
[Result "1/2-1/2"]
[ECO "B31"]
[WhiteElo "2116"]
[BlackElo "2282"]
[Annotator "ChessBase"]
[PlyCount "71"]
[EventDate "2019.01.18"]
[EventType "swiss"]
[EventCountry "BLR"]
[SourceTitle "playchess.com"]
[Source "ChessBase"]
[SourceQuality "1"]
[TimeControl "5400+30"]

1. e4 c5 2. Nf3 Nc6 3. Bb5 g6 4. O-O Bg7 5. Re1 e5 6. Bxc6 dxc6 7. d3 Qc7 8. Nbd2 Nf6 9. Nc4 Nd7 10. a3 a5 11. Bd2 a4 12. b4 axb3 13. cxb3 O-O 14. Bc3 Rd8 15. Qc2 b5 16. Ne3 Nf8 17. a4 Ba6 18. axb5 Bxb5 19. Rxa8 Rxa8 20. Nd2 Ne6 21. Ndc4 Nd4 22. Qb2 f6 23. h3 Qb8 24. Rb1 Bf8 25. Kf1 Ra7 26. Ra1 Rxa1+ 27. Qxa1 Nxb3 28. Qa2 Bxc4 29. Nxc4 Nc1 30. Qc2 Nb3 31. Qa2 Qb5 32. Ke1 Kh8 33. Qa8 Kg7 34. Qa2 Kh8 35. Kf1 Kg8 36. Bd4 1/2-1/2

[Event "XVII Orsha-2019 Open"]
[Site "Orsha"]
[Date "2019.01.20"]
[Round "5"]
[White "Strybuk, Artsiom I"]
[Black "Vorobjov, Pavel"]
[Result "1/2-1/2"]
[ECO "E92"]
[WhiteElo "2110"]
[BlackElo "2296"]
[Annotator "ChessBase"]
[PlyCount "73"]
[EventDate "2019.01.18"]
[EventType "swiss"]
[EventCountry "BLR"]
[SourceTitle "playchess.com"]
[Source "ChessBase"]
[SourceQuality "1"]
[TimeControl "5400+30"]

1. d4 Nf6 2. c4 g6 3. Nc3 Bg7 4. e4 d6 5. Nf3 O-O 6. Be2 e5 7. Bg5 c6 8. O-O Nbd7 9. Qd2 Re8 10. Rad1 Qb6 11. d5 cxd5 12. cxd5 Nc5 13. Bxf6 Bxf6 14. Qc2 Bd7 15. Nd2 Rac8 16. Nc4 Qc7 17. a4 Nxa4 18. Nxa4 b5 19. b3 bxa4 20. bxa4 Qc5 21. Rb1 Rc7 22. Qb3 Be7 23. Qb4 Qd4 24. Na5 Bxa4 25. Bb5 Bxb5 26. Qxb5 Rec8 27. Rb4 Qd2 28. Nc6 f5 29. exf5 gxf5 30. Rb2 Qh6 31. Ra2 Bf8 32. Rfa1 Rg7 33. Rxa7 Rxa7 34. Rxa7 Qc1+ 35. Qf1 Qd2 36. g3 Qxd5 37. Qh3 1/2-1/2

[Event "XVII Orsha-2019 Open"]
[Site "Orsha"]
[Date "2019.01.20"]
[Round "5"]
[White "Kirilin, Dmitrij"]
[Black "Cherepov, Alexej"]
[Result "1/2-1/2"]
[ECO "D34"]
[WhiteElo "2074"]
[BlackElo "2226"]
[Annotator "ChessBase"]
[PlyCount "73"]
[EventDate "2019.01.18"]
[EventType "swiss"]
[EventCountry "BLR"]
[SourceTitle "playchess.com"]
[Source "ChessBase"]
[SourceQuality "1"]
[TimeControl "5400+30"]

1. c4 c5 2. Nc3 Nf6 3. g3 Nc6 4. Bg2 e6 5. Nf3 Be7 6. O-O O-O 7. d4 d5 8. cxd5 exd5 9. dxc5 Bxc5 10. Bg5 d4 11. Bxf6 Qxf6 12. Nd5 Qd8 13. Nf4 Re8 14. Rc1 Bb6 15. a3 Bf5 16. b4 Be4 17. Nd2 Bxg2 18. Kxg2 a6 19. Nb3 Qd6 20. Kg1 Rad8 21. Qd2 Qh6 22. Rfd1 d3 23. Nxd3 Bxf2+ 24. Kxf2 Qxh2+ 25. Kf1 Qh3+ 26. Kf2 Ne5 27. Qf4 Qh2+ 28. Kf1 Qh1+ 29. Kf2 Qh2+ 30. Kf1 Nxd3 31. exd3 Re2 32. Qf3 Rde8 33. Nd4 Qh3+ 34. Kg1 R2e3 35. Qh1 Qxg3+ 36. Qg2 Qf4 37. Ne2 1/2-1/2

[Event "XVII Orsha-2019 Open"]
[Site "Orsha"]
[Date "2019.01.20"]
[Round "5"]
[White "Parshin, Maxim"]
[Black "Tihonov, Jurij"]
[Result "0-1"]
[ECO "D02"]
[WhiteElo "1956"]
[BlackElo "2399"]
[Annotator "ChessBase"]
[PlyCount "82"]
[EventDate "2019.01.18"]
[EventType "swiss"]
[EventCountry "BLR"]
[SourceTitle "playchess.com"]
[Source "ChessBase"]
[SourceQuality "1"]
[TimeControl "5400+30"]

1. d4 d5 2. Nf3 c6 3. Bg5 Qb6 4. Qc1 Bf5 5. Nbd2 Nd7 6. e3 Ngf6 7. Be2 e6 8. O-O h6 9. Bh4 Be7 10. Ne5 Nxe5 11. dxe5 Nd7 12. Bg3 h5 13. h3 g5 14. Nf3 h4 15. Bh2 g4 16. Nd4 gxh3 17. Nxf5 hxg2 18. Ng7+ Kf8 19. Nxe6+ fxe6 20. Kxg2 Kf7 21. f4 Nc5 22. Bd3 Rag8+ 23. Kh1 h3 24. f5 Nxd3 25. cxd3 Rg2 26. fxe6+ Kxe6 27. e4 Qxb2 28. Qf4 Rxh2+ 29. Qxh2 Qxh2+ 30. Kxh2 dxe4 31. dxe4 Kxe5 32. Rf7 Ke6 33. Rff1 Ke5 34. Rf7 Ke6 35. Raf1 c5 36. e5 c4 37. R7f4 Rc8 38. a4 c3 39. Rc1 Bg5 40. Kg3 Bxf4+ 41. Kxf4 c2 0-1

[Event "XVII Orsha-2019 Open"]
[Site "Orsha"]
[Date "2019.01.20"]
[Round "5.11"]
[White "Galkin, Gleb"]
[Black "Stashis, Anna"]
[Result "1/2-1/2"]
[ECO "A85"]
[WhiteElo "2156"]
[BlackElo "1931"]
[PlyCount "64"]
[EventDate "2019.01.18"]
[EventType "swiss"]
[EventCountry "BLR"]
[TimeControl "5400+30"]

1. d4 d5 2. Nf3 c6 3. e3 e6 4. c4 Bd6 5. Nc3 f5 6. Bd3 Nf6 7. O-O O-O 8. b3 Ne4 9. Bb2 Nd7 10. Ne2 b6 11. Ne5 Bb7 12. cxd5 exd5 13. f3 Ng5 14. Qc2 g6 15. f4 Bxe5 16. dxe5 Ne6 17. g4 Ndc5 18. gxf5 Nxd3 19. Qxd3 Rxf5 20. Ng3 Rf7 21. f5 gxf5 22. Nxf5 Kh8 23. Nd6 Rg7+ 24. Kh1 Qd7 25. Rf6 Nc5 26. Qd4 Qh3 27. Nf7+ Kg8 28. Rg1 Ne4 29. Ng5 Rxg5 30. e6 Rxg1+ 31. Kxg1 Qg4+ 32. Kh1 Ng3+ 1/2-1/2

[Event "XVII Orsha-2019 Open"]
[Site "Orsha"]
[Date "2019.01.20"]
[Round "5.12"]
[White "Spizharny, Mikhail"]
[Black "Runets, Ivan"]
[Result "1/2-1/2"]
[ECO "B50"]
[WhiteElo "1923"]
[BlackElo "2118"]
[PlyCount "110"]
[EventDate "2019.01.18"]
[EventType "swiss"]
[EventCountry "BLR"]
[TimeControl "5400+30"]

1. e4 c5 2. Nf3 e6 3. b3 d6 4. Bb2 Nf6 5. Bd3 Nc6 6. O-O Be7 7. Re1 O-O 8. a3 b6 9. c3 Bb7 10. Bc2 Ne5 11. d4 cxd4 12. cxd4 Ng6 13. Nc3 Rc8 14. Rc1 a6 15. Qd2 Rc7 16. Bd3 Qb8 17. h3 Rfc8 18. Qe3 b5 19. Nd2 e5 20. d5 Nd7 21. b4 Nf4 22. g3 Nxd3 23. Qxd3 Bg5 24. Ne2 Bxd2 25. Qxd2 Nb6 26. Ba1 Nc4 27. Qd3 Rf8 28. g4 Bc8 29. Ng3 Bd7 30. Kh2 Qd8 31. Bc3 Qh4 32. Kg2 Rfc8 33. Bd2 Qf6 34. Be3 Qg6 35. f3 f6 36. Nf1 Qf7 37. Rc2 g6 38. Rec1 f5 39. Bb6 Rb7 40. Bg1 Rbc7 41. Ne3 fxe4 42. fxe4 Qf4 43. Nxc4 bxc4 44. Qe3 Qxe3 45. Bxe3 c3 46. Kf3 Bb5 47. Bb6 Rc4 48. Ke3 Ba4 49. Kd3 Bb5 50. Ke3 Kf7 51. g5 Ke7 52. h4 Ba4 53. Kd3 Bxc2+ 54. Rxc2 Ke8 55. Bc5 R4xc5 $11 1/2-1/2

[Event "XVII Orsha-2019 Open"]
[Site "Orsha"]
[Date "2019.01.20"]
[Round "5.13"]
[White "Bogacheva, Anna"]
[Black "Gabdrakipov, Ilshat"]
[Result "1/2-1/2"]
[ECO "C47"]
[WhiteElo "1955"]
[BlackElo "2098"]
[PlyCount "157"]
[EventDate "2019.01.18"]
[EventType "swiss"]
[EventCountry "BLR"]
[TimeControl "5400+30"]

1. e4 e5 2. Nc3 Nf6 3. g3 d5 4. exd5 Nxd5 5. Bg2 Be6 6. Nf3 Nc6 7. O-O Bd6 8. Re1 O-O 9. d4 exd4 10. Nxd4 Nxc3 11. bxc3 Nxd4 12. Qxd4 c5 13. Qe4 Rb8 14. a4 Qf6 15. Rb1 Bf5 16. Qf3 Rfe8 17. Be3 b6 18. Rbd1 Rbd8 19. a5 Be5 20. axb6 axb6 21. Rxd8 Rxd8 22. c4 Bxc2 23. Qb7 h6 24. Bd5 Bg6 25. Re2 Rb8 26. Qa7 Bh5 27. f3 Rd8 28. Rf2 Bg6 29. Kg2 Re8 30. Qd7 Qe7 31. Qxe7 Rxe7 32. Ra2 Bd4 33. Bf4 Bd3 34. Ra8+ Kh7 35. Rf8 Bg6 36. g4 Bf6 37. Rb8 Re2+ 38. Kg3 Rb2 39. Rb7 Bc3 40. h4 Be1+ 41. Kh3 Bd3 42. Be4+ Bxe4 43. fxe4 Rb3+ 44. Kg2 Bxh4 45. Rxf7 Kg6 46. Rb7 Rb4 47. Be5 Bf6 48. Bxf6 gxf6 49. Kf3 Rxc4 50. Rxb6 Kg5 51. Rc6 Rc3+ 52. Ke2 Rc2+ 53. Kd3 Rc1 54. Kd2 Rf1 55. Rxc5+ Kxg4 56. e5 fxe5 57. Rxe5 h5 58. Ke2 Rf8 59. Re4+ Kg3 60. Re3+ Kg2 61. Re4 Rg8 62. Rf4 Re8+ 63. Kd3 Kg3 64. Rf7 Re5 65. Rg7+ Kf4 66. Rh7 Kf3 67. Rf7+ Kg4 68. Rg7+ Kf5 69. Rh7 Kg6 70. Rh8 Kg7 71. Ra8 Re6 72. Ra4 Kg6 73. Re4 Ra6 74. Ke3 Ra2 75. Kf4 Ra3 76. Re6+ Kf7 77. Re3 Ra2 78. Kg5 Ra5+ 79. Kh4 1/2-1/2

[Event "XVII Orsha-2019 Open"]
[Site "Orsha"]
[Date "2019.01.20"]
[Round "5.14"]
[White "Vainerchuk, Barys"]
[Black "Kuleshov, Konstantin"]
[Result "1/2-1/2"]
[ECO "B33"]
[WhiteElo "1907"]
[BlackElo "2098"]
[PlyCount "70"]
[EventDate "2019.01.18"]
[EventType "swiss"]
[EventCountry "BLR"]
[TimeControl "5400+30"]

1. e4 c5 2. Nf3 Nc6 3. d4 cxd4 4. Nxd4 e5 5. Nb5 d6 6. N1c3 a6 7. Na3 b5 8. Nd5 Nf6 9. Bg5 Be7 10. Bxf6 Bxf6 11. c3 Bg5 12. Nc2 O-O 13. Bd3 Ne7 14. Nce3 Be6 15. Be2 g6 16. O-O f5 17. exf5 gxf5 18. a4 Bxe3 19. Nxe3 f4 20. Bg4 Qd7 21. Bxe6+ Qxe6 22. Nc2 Kh8 23. axb5 axb5 24. Qd3 Rad8 25. Ra6 Rg8 26. f3 Qc4 27. Rd1 Qc5+ 28. Kh1 Rxg2 29. Kxg2 Rg8+ 30. Kh1 Qf2 31. Qf1 Rg1+ 32. Qxg1 Qxf3+ 33. Qg2 Qxd1+ 34. Qg1 Qd5+ 35. Qg2 Qd1+ 1/2-1/2

[Event "XVII Orsha-2019 Open"]
[Site "Orsha"]
[Date "2019.01.20"]
[Round "5.15"]
[White "Ghevondyan, Arman"]
[Black "Khobotova, Olesia"]
[Result "1-0"]
[ECO "A49"]
[WhiteElo "1679"]
[BlackElo "1978"]
[PlyCount "115"]
[EventDate "2019.01.18"]
[EventType "swiss"]
[EventCountry "BLR"]
[TimeControl "5400+30"]

1. Nf3 Nf6 2. g3 g6 3. b3 Bg7 4. Bb2 O-O 5. c4 d6 6. d4 Nc6 7. Bg2 e5 8. dxe5 Ng4 9. O-O Ngxe5 10. Nc3 Re8 11. Qd2 Bg4 12. Nd5 a5 13. h3 Bf5 14. Nh4 Be6 15. f4 Nd7 16. Bxg7 Kxg7 17. Nc3 f5 18. e4 Qf6 19. Rad1 Nc5 20. exf5 gxf5 21. Rfe1 a4 22. Nd5 Bxd5 23. cxd5 Rxe1+ 24. Qxe1 Nd4 25. b4 Ne4 26. Kh2 Nc2 27. Qe2 Nxb4 28. Qc4 Na6 29. Nxf5+ Qxf5 30. Bxe4 Qf8 31. Bb1 Qe7 32. Qc3+ Kg8 33. Re1 Qg7 34. Qd2 Nc5 35. f5 Rf8 36. g4 h6 37. h4 Nd7 38. g5 Ne5 39. Qf4 hxg5 40. hxg5 Ng6 41. Qg4 Qh8+ 42. Kg2 Qh4 43. Re4 Qxg4+ 44. Rxg4 Ne7 45. Rf4 Nxd5 46. Rf3 b5 47. Be4 Nb6 48. f6 d5 49. Bf5 Kf7 50. Rh3 Rg8 51. Rh7+ Kf8 52. g6 Nc4 53. Rf7+ Ke8 54. Bd7+ Kd8 55. g7 Nd6 56. Rf8+ Kxd7 57. Rxg8 Ke6 58. Rf8 1-0

[Event "XVII Orsha-2019 Open"]
[Site "Orsha"]
[Date "2019.01.20"]
[Round "5.16"]
[White "Bury, Gleb M"]
[Black "Naumovich, Yaroslav"]
[Result "1/2-1/2"]
[ECO "C67"]
[WhiteElo "1961"]
[BlackElo "1915"]
[PlyCount "58"]
[EventDate "2019.01.18"]
[EventType "swiss"]
[EventCountry "BLR"]
[TimeControl "5400+30"]

1. e4 e5 2. Nf3 Nc6 3. Bb5 Nf6 4. O-O Nxe4 5. Re1 Nd6 6. Nxe5 Nxe5 7. Rxe5+ Be7 8. Bf1 O-O 9. Nc3 Bf6 10. Re1 Nf5 11. Nd5 c6 12. Nxf6+ Qxf6 13. Qf3 d5 14. c3 d4 15. c4 Bd7 16. d3 Rfe8 17. Bd2 Qd6 18. g3 Nh6 19. h3 f5 20. Qf4 Qxf4 21. Bxf4 Nf7 22. h4 c5 23. Bg2 Bc6 24. Bxc6 bxc6 25. Kf1 Kf8 26. f3 Re7 27. Rxe7 Kxe7 28. Re1+ Kd7 29. Kf2 Rf8 1/2-1/2

[Event "XVII Orsha-2019 Open"]
[Site "Orsha"]
[Date "2019.01.20"]
[Round "5.17"]
[White "Shkalov, Oleg"]
[Black "Poliakova, Varvara"]
[Result "1-0"]
[ECO "A84"]
[WhiteElo "2225"]
[BlackElo "1835"]
[PlyCount "51"]
[EventDate "2019.01.18"]
[EventType "swiss"]
[EventCountry "BLR"]
[TimeControl "5400+30"]

1. d4 f5 2. c4 Nf6 3. h4 g6 4. h5 Nxh5 5. Rxh5 gxh5 6. e4 d6 7. Qxh5+ Kd7 8. Nh3 Qe8 9. Qxf5+ e6 10. Qf4 Bg7 11. d5 Be5 12. Qg4 Qg6 13. Ng5 Ke7 14. f4 Bf6 15. dxe6 h6 16. Nc3 c6 17. c5 Bxc3+ 18. bxc3 hxg5 19. cxd6+ Kxd6 20. f5 Qh5 21. Qg3+ Ke7 22. Bxg5+ Ke8 23. Rd1 Bd7 24. Qe5 Qxg5 25. exd7+ Kf7 26. Bc4+ 1-0

[Event "XVII Orsha-2019 Open"]
[Site "Orsha"]
[Date "2019.01.20"]
[Round "5.18"]
[White "Zeliantsova, Kseniya"]
[Black "Egorenkov, Igor"]
[Result "0-1"]
[ECO "B31"]
[WhiteElo "1858"]
[BlackElo "2213"]
[PlyCount "110"]
[EventDate "2019.01.18"]
[EventType "swiss"]
[EventCountry "BLR"]
[TimeControl "5400+30"]

1. e4 c5 2. Nf3 Nc6 3. Bb5 g6 4. O-O Bg7 5. c3 Nf6 6. Re1 a6 7. Bxc6 dxc6 8. e5 Nd5 9. d4 cxd4 10. cxd4 Bf5 11. a3 O-O 12. Nc3 Nxc3 13. bxc3 Qd5 14. h3 c5 15. Be3 cxd4 16. cxd4 Rac8 17. Nh4 Bd7 18. f4 Rc3 19. Qd2 Rfc8 20. Rec1 Qb3 21. Rcb1 Qd5 22. Rc1 Rxc1+ 23. Rxc1 Rxc1+ 24. Qxc1 Qe4 25. Kh2 Bc6 26. Nf3 e6 27. Qc3 Bf8 28. Qb3 b5 29. Kg3 a5 30. Bd2 a4 31. Qc3 Kg7 32. Qc1 Bd5 33. f5 g5 34. f6+ Kg8 35. Bxg5 Qd3 36. Kh2 Bxf3 37. gxf3 Qxd4 38. Qe1 Bc5 39. Kg2 Kf8 40. Bc1 Ke8 41. Qf1 Kd8 42. f4 Kc7 43. Kf3 Kb6 44. Kg4 Qe4 45. Kg3 b4 46. Qd1 bxa3 47. Qd8+ Kb5 48. Qd7+ Kb4 49. Bd2+ Kb3 50. Qxf7 Qg6+ 51. Qxg6 hxg6 52. f5 gxf5 53. f7 a2 54. Be3 a1=Q 55. Bxc5 Qc3+ 0-1

[Event "XVII Orsha-2019 Open"]
[Site "Orsha"]
[Date "2019.01.20"]
[Round "5.19"]
[White "Paniagua Chnelik, Sebastian"]
[Black "Davidov, Alexey"]
[Result "1-0"]
[ECO "A85"]
[WhiteElo "2188"]
[BlackElo "1688"]
[PlyCount "59"]
[EventDate "2019.01.18"]
[EventType "swiss"]
[EventCountry "BLR"]
[TimeControl "5400+30"]

1. d4 f5 2. c4 Nf6 3. Nc3 g6 4. Bf4 d6 5. e3 Bg7 6. h4 Nh5 7. Bh2 e5 8. dxe5 dxe5 9. Qxd8+ Kxd8 10. O-O-O+ Nd7 11. Nf3 Re8 12. Be2 h6 13. c5 c6 14. Rd6 Bf6 15. Bc4 Ke7 16. Rhd1 Kf8 17. Rxd7 Bxd7 18. Rxd7 Re7 19. Rxe7 Kxe7 20. Nxe5 Bxe5 21. Bxe5 Nf6 22. f3 Nd7 23. Bd6+ Kf6 24. e4 fxe4 25. Nxe4+ Kg7 26. Be6 Nf8 27. Be5+ Kh7 28. Nf6+ Kg7 29. Bc4 Nh7 30. Nd7+ 1-0

[Event "XVII Orsha-2019 Open"]
[Site "Orsha"]
[Date "2019.01.20"]
[Round "5.20"]
[White "Grigoryan, Aram"]
[Black "Budnikov, Sergei"]
[Result "1-0"]
[ECO "E94"]
[WhiteElo "1786"]
[BlackElo "2152"]
[PlyCount "77"]
[EventDate "2019.01.18"]
[EventType "swiss"]
[EventCountry "BLR"]
[TimeControl "5400+30"]

1. d4 Nf6 2. c4 g6 3. Nc3 Bg7 4. e4 d6 5. Be2 O-O 6. Bg5 Na6 7. Nf3 c6 8. O-O e5 9. d5 h6 10. Bh4 c5 11. Ne1 Nc7 12. a3 Qe8 13. b4 b6 14. Nd3 Nh7 15. f3 f5 16. a4 g5 17. Bf2 f4 18. Nb5 Nxb5 19. axb5 Bd7 20. bxc5 bxc5 21. Ra6 Rf6 22. Qa1 Rb8 23. Rxa7 h5 24. Qa5 g4 25. Bh4 Rg6 26. Ra1 gxf3 27. Bxf3 Bg4 28. Ne1 Ng5 29. Bxg5 Rxg5 30. Ra8 Kh7 31. Rxb8 Qg6 32. Qd2 h4 33. Ra3 Qh5 34. Bxg4 Qxg4 35. Rf3 h3 36. b6 hxg2 37. b7 Rh5 38. Ra8 Qh4 39. h3 1-0

[Event "XVII Orsha-2019 Open"]
[Site "Orsha"]
[Date "2019.01.20"]
[Round "5.21"]
[White "Klachkou, Platon"]
[Black "Navumenka, Mikhei"]
[Result "0-1"]
[ECO "E43"]
[WhiteElo "1771"]
[BlackElo "2104"]
[PlyCount "54"]
[EventDate "2019.01.18"]
[EventType "swiss"]
[EventCountry "BLR"]
[TimeControl "5400+30"]

1. d4 Nf6 2. c4 e6 3. Nf3 b6 4. Nc3 Bb7 5. e3 Bb4 6. Bd3 c5 7. a3 Bxc3+ 8. bxc3 cxd4 9. cxd4 O-O 10. O-O d5 11. Ne5 dxc4 12. Bxc4 Nbd7 13. f4 Nxe5 14. fxe5 Ne4 15. Bb2 Qg5 16. Qe2 Rac8 17. Bd3 Nc3 18. Bxc3 Rxc3 19. Rf2 Rfc8 20. Raf1 R8c7 21. g3 Rxa3 22. Rf4 Rac3 23. Rg4 Qd8 24. Rgf4 h6 25. Qd2 Qd5 26. Be4 Qxe4 27. Rxe4 Bxe4 0-1

[Event "XVII Orsha-2019 Open"]
[Site "Orsha"]
[Date "2019.01.20"]
[Round "5.22"]
[White "Pogosian, Georgy"]
[Black "Prutskov, Aleksei"]
[Result "1-0"]
[ECO "E09"]
[WhiteElo "2090"]
[BlackElo "1824"]
[PlyCount "135"]
[EventDate "2019.01.18"]
[EventType "swiss"]
[EventCountry "BLR"]
[TimeControl "5400+30"]

1. d4 d5 2. Nf3 Nf6 3. c4 e6 4. g3 c6 5. Bg2 Be7 6. O-O O-O 7. Qc2 b6 8. Nbd2 Bb7 9. e4 Nbd7 10. e5 Ne8 11. cxd5 cxd5 12. Re1 Rc8 13. Qd1 Qc7 14. Nf1 Qc2 15. Qxc2 Rxc2 16. Ne3 Rc8 17. Bd2 Nc7 18. a3 a5 19. Bf1 Ba6 20. Rec1 Bxf1 21. Kxf1 Na8 22. Nd1 f6 23. exf6 gxf6 24. Nc3 Bd6 25. Nb5 Bb8 26. b4 e5 27. bxa5 e4 28. Nh4 Rxc1+ 29. Rxc1 bxa5 30. Bxa5 f5 31. Bb4 Rf6 32. Rc8+ Kf7 33. Rd8 Nab6 34. a4 f4 35. gxf4 Bxf4 36. a5 Ke6 37. axb6 Nxb6 38. Re8+ Kd7 39. Re7+ Kc8 40. Ng2 Bxh2 41. Rxh7 Bg3 42. Rh8+ Kb7 43. Rf8 Rxf8 44. Bxf8 Bb8 45. Bd6 Bxd6 46. Nxd6+ Kc6 47. Nf5 Kb5 48. Ke2 Kc6 49. Nf4 Kb5 50. Ne3 Kc6 51. Nfxd5 Nd7 52. Nc3 Nf6 53. Nf5 Kd7 54. Ng3 Ke6 55. Ngxe4 Ne8 56. Ke3 Ng7 57. Ng3 Ne8 58. d5+ Kd6 59. Kd4 Ng7 60. Nce4+ Kd7 61. Ke5 Kd8 62. f4 Ne8 63. Nc5 Kc7 64. Nge4 Kd8 65. Nf6 Nc7 66. Ne6+ Nxe6 67. Kxe6 Kc8 68. Ke7 1-0

[Event "XVII Orsha-2019 Open"]
[Site "Orsha"]
[Date "2019.01.20"]
[Round "5.23"]
[White "Dmitriev, Nikolay"]
[Black "Kuleba, Ivan"]
[Result "1/2-1/2"]
[ECO "A07"]
[WhiteElo "1923"]
[BlackElo "1617"]
[PlyCount "52"]
[EventDate "2019.01.18"]
[EventType "swiss"]
[EventCountry "BLR"]
[TimeControl "5400+30"]

1. Nf3 d5 2. g3 Nf6 3. Bg2 Bf5 4. O-O e6 5. d3 Bd6 6. Nfd2 c6 7. e4 Bg6 8. Nc3 O-O 9. f4 Bc5+ 10. Kh1 Bh5 11. Qe1 Nfd7 12. Nb3 Bb6 13. d4 a5 14. a4 Na6 15. Be3 Nb4 16. Qf2 Bc7 17. e5 Bg6 18. Rac1 Nb6 19. Nc5 Qc8 20. b3 Nd7 21. Nxd7 Qxd7 22. g4 f6 23. exf6 Rxf6 24. Qd2 Raf8 25. Ne2 h6 26. Rf3 Bd6 1/2-1/2

[Event "XVII Orsha-2019 Open"]
[Site "Orsha"]
[Date "2019.01.20"]
[Round "5.24"]
[White "Katkov, Mikhail"]
[Black "Karas, Andrei"]
[Result "0-1"]
[ECO "A36"]
[WhiteElo "1916"]
[BlackElo "1422"]
[PlyCount "100"]
[EventDate "2019.01.18"]
[EventType "swiss"]
[EventCountry "BLR"]
[TimeControl "5400+30"]

1. c4 c5 2. Nc3 g6 3. g3 Bg7 4. Bg2 Nc6 5. e4 d6 6. Nge2 e5 7. h3 Nge7 8. O-O O-O 9. a3 Rb8 10. Rb1 a6 11. b4 cxb4 12. axb4 b5 13. c5 dxc5 14. bxc5 Be6 15. f4 Qd7 16. Kh2 Bc4 17. f5 f6 18. fxg6 hxg6 19. Rf3 Rfd8 20. Ra1 a5 21. d3 Qa7 22. Nd5 Bxd5 23. exd5 Nxd5 24. d4 exd4 25. Nf4 Ne5 26. Nxd5 Nxf3+ 27. Qxf3 Qxc5 28. Nxf6+ Kh8 29. Qf4 g5 30. Qf3 g4 31. Nxg4 d3 32. Be3 Qf8 33. Rxa5 Qxf3 34. Bxf3 d2 35. Bd1 Bc3 36. Ra7 Ra8 37. Rb7 Rab8 38. Rc7 Rbc8 39. Re7 Re8 40. Rb7 Bg7 41. Rxb5 Rc3 42. Rb3 Rc1 43. Nf2 Rxe3 44. Rxe3 Bd4 45. Rd3 Bxf2 46. Rxd2 Be3 47. Rd3 Bh6 48. h4 Ra1 49. Kh3 Bf8 50. Rd7 Ra6 {Time White Zero} 0-1

[Event "XVII Orsha-2019 Open"]
[Site "Orsha"]
[Date "2019.01.20"]
[Round "5.26"]
[White "Viikmaa, Karmen"]
[Black "Staravoitava, Hanna"]
[Result "0-1"]
[ECO "A05"]
[WhiteElo "1706"]
[BlackElo "1864"]
[PlyCount "56"]
[EventDate "2019.01.18"]
[EventType "swiss"]
[EventCountry "BLR"]
[TimeControl "5400+30"]

1. Nf3 Nf6 2. g3 Nc6 3. Bg2 e5 4. d3 Bc5 5. O-O O-O 6. c3 d5 7. Nbd2 e4 8. Nd4 Bxd4 9. cxd4 exd3 10. e3 Bf5 11. a3 Na5 12. Re1 Qd6 13. Qa4 Qb6 14. h3 Rac8 15. Qd1 Rfe8 16. b4 Nc4 17. Qb3 Nxd2 18. Bxd2 c6 19. Bf1 Ne4 20. Red1 Qc7 21. g4 Nxf2 22. gxf5 Qg3+ 23. Bg2 Nxh3+ 24. Kh1 Nf2+ 25. Kg1 Re4 26. Rf1 Nh3+ 27. Kh1 Rh4 28. Rf3 Nf4+ 0-1

[Event "XVII Orsha-2019 Open"]
[Site "Orsha"]
[Date "2019.01.20"]
[Round "5.27"]
[White "Vifleemskaia, Svetlana"]
[Black "Dolgopyatov, Evgeniy"]
[Result "1-0"]
[ECO "D36"]
[WhiteElo "2030"]
[BlackElo "1661"]
[PlyCount "67"]
[EventDate "2019.01.18"]
[EventType "swiss"]
[EventCountry "BLR"]
[TimeControl "5400+30"]

1. d4 d5 2. c4 e6 3. Nc3 Nf6 4. cxd5 exd5 5. Bg5 Be7 6. e3 O-O 7. Bd3 c6 8. Qc2 Nbd7 9. Nge2 h6 10. Bh4 Ne8 11. Bg3 Nd6 12. O-O Nf6 13. f3 Re8 14. Bf2 Bf8 15. Kh1 g6 16. e4 dxe4 17. fxe4 Ng4 18. Bg1 Qg5 19. Rf3 h5 20. Raf1 Be6 21. b3 Rac8 22. Nf4 Bh6 23. h3 Kg7 24. Nxe6+ fxe6 25. g3 Rh8 26. hxg4 hxg4 27. R3f2 Qe3 28. Rh2 Qxg3 29. Ne2 Nxe4 30. Nxg3 Nxg3+ 31. Kg2 Nxf1 32. Bxf1 Rhf8 33. Qe4 Rf4 34. Qe5+ 1-0

[Event "XVII Orsha-2019 Open"]
[Site "Orsha"]
[Date "2019.01.20"]
[Round "5.28"]
[White "Gonov, Sergey"]
[Black "Nikolaev, Dmitry"]
[Result "0-1"]
[ECO "C13"]
[WhiteElo "1905"]
[BlackElo "1634"]
[PlyCount "106"]
[EventDate "2019.01.18"]
[EventType "swiss"]
[EventCountry "BLR"]
[TimeControl "5400+30"]

1. e4 e6 2. d4 d5 3. Nc3 dxe4 4. Nxe4 Nf6 5. Bg5 Be7 6. Bxf6 Bxf6 7. Nf3 O-O 8. c3 a6 9. Bd3 Nd7 10. Qe2 Be7 11. O-O-O b5 12. Ne5 Bb7 13. f4 f5 14. Nd2 Bd5 15. Rhg1 Nxe5 16. Qxe5 Bf6 17. Qe2 c5 18. dxc5 Bxa2 19. Nf3 Qc7 20. Ne5 Bxe5 21. Qxe5 Qxe5 22. fxe5 Bb3 23. Bc2 Bd5 24. b4 a5 25. g4 f4 26. Rd4 f3 27. Be4 axb4 28. Kb2 Ra2+ 29. Kb1 Rg2 30. Rf1 Bxe4+ 31. Rxe4 f2 32. Rd4 Rg1 33. Rdd1 Rxf1 34. Rxf1 bxc3 35. c6 h6 36. Kc2 b4 37. Kb3 Rc8 38. Rxf2 Rxc6 39. Rc2 Rb6 40. Rf2 Kh7 41. h4 h5 42. gxh5 Kh6 43. Rg2 Kxh5 44. Rxg7 Rc6 45. Rg1 c2 46. Rc1 Kxh4 47. Kxb4 Kg4 48. Kb3 Kf4 49. Rxc2 Rxc2 50. Kxc2 Kxe5 51. Kd1 Ke4 52. Ke1 Ke3 53. Kd1 e5 0-1